 Dungeon Crawl Stone Soup version 0.32-a0-886-g41c5271027 (webtiles) character file.

Game seed: 12954759998789132438

1638 Biggs the Skirmisher (level 8, 0/62 HPs)
             Began as a Coglin Hunter on Apr 2, 2024.
             Was a Follower of Okawaru.
             Slain by Edmund
             ... wielding a +3 dire flail of protection
              (9 damage)
             ... on level 6 of the Dungeon.
             The game lasted 00:07:30 (5816 turns).

Biggs the Skirmisher (Coglin Hunter)                Turns: 5816, Time: 00:07:31

Health: 0/62       AC:  4    Str: 12    XL:     8   Next: 98%
Magic:  8/8        EV: 11    Int:  8    God:    Okawaru [*.....]
Gold:   280        SH:  0    Dex: 20    Spells: 7/7 levels left

rFire   . . .        a - +2 sling {Urai}
rCold   . . .        d - +0 sling {Amaro}
rNeg    . . .        c - +0 leather armour
rPois   .            (no helmet)
rElec   .            l - +0 cloak
rCorr   .            (no gloves)
SInv    .            (no boots)
Will    .....        (amulet unavailable)
Stlth   ++           (ring unavailable)
HPRegen 0.30/turn    (ring unavailable)
MPRegen 0.11/turn    (no gizmo)

%: no passive effects
@: revved
A: off-hand wielding, slow wielding, warmup strikes, no jewellery
a: Invent Gizmo, Renounce Religion, Heroism


You were on level 6 of the Dungeon.
You worshipped Okawaru.
Okawaru was aware of your devotion.
You visited 2 branches of the dungeon, and saw 7 of its levels.
You also visited: Sewer.

You collected 316 gold pieces.
You spent 36 gold pieces at shops.

Inventory:

Hand Weapons
 a - a +2 sling (weapon) {Urai}
 d - a +0 sling (offhand) {Amaro}
Armour
 c - a +0 leather armour (worn)
 l - a +0 cloak (worn)
Wands
 n - a wand of flame (17)
Scrolls
 b - 3 scrolls of identify
 i - 2 scrolls of blinking
 j - a scroll of poison {unknown}
 k - 2 scrolls of revelation
 q - a scroll of fog
 s - a scroll of teleportation
 t - 2 scrolls of enchant armour
 v - a scroll of summoning {unknown}
Potions
 e - 2 potions of might {unknown}
 f - a potion of lignification {unknown}
 g - 3 potions of brilliance {unknown}
 h - 3 potions of heal wounds
 m - 2 potions of curing
 o - 2 potions of haste {unknown}
 p - a potion of attraction {unknown}
 r - a potion of cancellation {unknown}
 u - a potion of ambrosia {unknown}


   Skills:
 - Level 5.0 Fighting
 - Level 9.9 Ranged Weapons
 + Level 1.9 Dodging
 - Level 0.7 Stealth


You had 7 spell levels left.
You didn't know any spells.
Your spell library contained the following spells:

 Spells                   Type           Power      Damage    Failure   Level
 Static Discharge         Conj/Air       0%         3-3/arc   63%         2
 Mephitic Cloud           Conj/Alch/Air  0%         N/A       86%         3
 Stone Arrow              Conj/Erth      0%         3d7       86%         3
 Airstrike                Air            0%         2d(0-16)  99%         4
 Ignite Poison            Fire/Alch      0%         N/A       99%         4
 Irradiate                Conj/Alch      0%         3d11      100%        5
 Ozocubu's Refrigeration  Ice            0%         4d7       100%        7
 Lehudib's Crystal Spear  Conj/Erth      0%         10d2      100%        8
 Polar Vortex             Ice            0%         N/A       100%        9
 Call Imp                 Summ           Unusable   N/A       N/A         2
 Animate Armour           Summ/Erth      Unusable   N/A       N/A         4
 Summon Lightning Spire   Summ/Air       Unusable   N/A       N/A         4
 Sculpt Simulacrum        Ice/Alch       Unusable   N/A       N/A         6

Dungeon Overview and Level Annotations

Branches:
Dungeon (6/15)             Temple (1/1) D:4           Sewer (visited)

Altars:
Ashenzari
Cheibriados
Dithmenos
Elyvilon
Gozag
Hepliaklqana
Kikubaaqudgha
Nemelex Xobeh
Okawaru
Qazlal
Ru
Sif Muna
Trog
Vehumet
Xom
Zin
The Shining One

Shops:
D:2 *

Annotations:
D:4 2 transporters, Dordric's ghost, amateur OnWr
D:6 Edmund


Innate Abilities, Weirdness & Mutations

You can wield a second weapon in your off-hand.
It takes a long time for you to wield or remove held weapons.
Your first few attacks do less damage.
You cannot equip rings or amulets.


Message History

Edmund is severely wounded.
Edmund hits you with a +3 dire flail of protection!
You are too injured to fight recklessly!
Unknown command.
You are too injured to fight recklessly!
Unknown command.
You are too injured to fight recklessly!
You are too injured to fight recklessly!
Unknown command.
You are too injured to fight recklessly!
Fire: a) +2 sling {Urai}
Press: ? - help, Q - select action, (/) - cycle Shift-Dir - straight line, f/p - Edmund
Aim: Edmund, wielding a +3 dire flail of protection, wearing a +0 chain mail and carrying a wand of warping (severely wounded, 74% to hit)
You shoot a sling bullet. The sling bullet barely misses Edmund.
You shoot a sling bullet. The sling bullet hits Edmund!
Edmund is almost dead.
Edmund hits you with a +3 dire flail of protection.
* * * LOW HITPOINT WARNING * * *
Unknown command.
Fire: a) +2 sling {Urai}
Press: ? - help, Q - select action, (/) - cycle Shift-Dir - straight line, f/p - Edmund
Aim: Edmund, wielding a +3 dire flail of protection, wearing a +0 chain mail and carrying a wand of warping (almost dead, 74% to hit)
You shoot a sling bullet. The sling bullet barely misses Edmund.
You shoot a sling bullet. The sling bullet closely misses Edmund.
Edmund hits you with a +3 dire flail of protection.
* * * LOW HITPOINT WARNING * * *
Unknown command.
Fire: a) +2 sling {Urai}
Press: ? - help, Q - select action, (/) - cycle Shift-Dir - straight line, f/p - Edmund
Aim: Edmund, wielding a +3 dire flail of protection, wearing a +0 chain mail and carrying a wand of warping (almost dead, 74% to hit)
You shoot a sling bullet.
The sling bullet hits Edmund but does no damage.
Edmund is almost dead.
You shoot a sling bullet.
The sling bullet completely misses Edmund.
Edmund hits you with a +3 dire flail of protection!
You die...
Edmund says, "I'd like to see a scythe do that!"

#.# #.....# #.## #.#
####..# #####... #.# #..#
#....... #.#
#..#####.###### #.#
#..##..........
#.######..##.##.######
#.........##.##.......
##########÷###.##..)...†
#....<@@.÷.# #.##.......
#.########## #.#........
####.##### #.#........
#..(.....########.#........
#.##.###...................
#.##.# ##########.#..######
#.##.# ##.#..# #.##.#
#.....###### #.##.#
#...........


You could see Edmund.

Vanquished Creatures
  Grinder (D:6)
  Menkaure (D:4)
  A black bear (D:4)
  A phantom (D:5)
  4 bullfrogs
  2 scorpions (D:5)
  A howler monkey (D:5)
  2 bombardier beetles
  4 hounds
  2 orc priests
  2 sleepcaps
  2 river rats (D:4)
  13 adders
  8 gnolls
  A shadow imp (D:6)
  A white imp (D:6)
  2 ufetubi (D:6)
  5 ribbon worms
  14 dart slugs
  9 orcs
  7 bats
  3 endoplasms
  17 giant cockroaches
  8 goblins
  11 hobgoblins
  9 jackals
  6 quokkas
  13 ball pythons
  13 frilled lizards
  6 kobolds
  6 rats
175 creatures vanquished.

Notes
Turn   | Place    | Note
-------+----------+-------------------------------------------
     0 | D:1      | Biggs the Coglin Hunter began the quest for the Orb.
     0 | D:1      | Reached XP level 1. HP: 16/16 MP: 1/1
   181 | D:1      | Reached skill level 4 in Ranged Weapons
   181 | D:1      | Reached XP level 2. HP: 22/22 MP: 2/2
   395 | D:1      | Reached XP level 3. HP: 27/27 MP: 3/3
   787 | D:2      | Reached skill level 5 in Ranged Weapons
   787 | D:2      | Reached XP level 4. HP: 19/33 MP: 4/4
  1114 | D:2      | Reached XP level 5. HP: 38/38 MP: 5/5
  1150 | D:2      | Found Vuociggubb's General Store.
  1155 | D:2      | Bought a potion of curing for 36 gold pieces
  1598 | D:3      | Reached skill level 6 in Ranged Weapons
  1907 | D:3      | Reached XP level 6. HP: 44/44 MP: 6/6
  2417 | D:4      | Found a glowing drain.
  2430 | Sewer    | Entered a sewer
  2527 | Sewer    | Reached skill level 7 in Ranged Weapons
  2656 | Sewer    | Reached XP level 7. HP: 10/50 MP: 7/7
  3227 | D:4      | Noticed Dordric's ghost (amateur OnWr)
  3228 | D:4      | Found a transporter.
  3231 | D:4      | Identified the +4 great mace of the Furious {heavy, Int+7}
  3261 | D:4      | Noticed Menkaure
  3267 | D:4      | Killed Menkaure
  3268 | D:4      | Reached skill level 8 in Ranged Weapons
  3328 | D:4      | Found a staircase to the Ecumenical Temple.
  3346 | Temple   | Entered the Ecumenical Temple
  3362 | Temple   | Became a worshipper of Warmaster Okawaru
  3687 | D:4      | Found a transporter.
  3762 | D:5      | Entered Level 5 of the Dungeon
  4067 | D:5      | Reached skill level 9 in Ranged Weapons
  4067 | D:5      | Reached XP level 8. HP: 56/56 MP: 8/8
  4213 | D:5      | Got Cupyiqox's Treatise on the Comitatus and Solvents
  5087 | D:6      | Noticed Grinder
  5095 | D:6      | Paralysed by Grinder for 2 turns
  5110 | D:6      | Killed Grinder
  5110 | D:6      | Reached * piety under Okawaru
  5577 | D:6      | Reached skill level 5 in Fighting
  5595 | D:6      | Noticed Edmund
  5816 | D:6      | Slain by Edmund

Illustrated notes

Levels and vault maps discovered:
D:1:      minmay_arrival_cross, layout_loops_ring
D:2:      layout_loops_ring, serial_shops, nicolae_shop_statue_plus,
          minmay_fountain_box, amethyst_killhole
D:3:      layout_basic, st_stairs_7, supply_closet_lemuel
D:4:      layout_cave_pods, minmay_temple_entry_junction, gammafunk_ghost_smash,
          portal_sewer_entry_e, uniq_menkaure
D:5:      layout_basic
D:6:      layout_loops_ring, uniq_grinder, uniq_edmund
Temple:   nicolae_temple_bog_church

Skill      XL: |  1  2  3  4  5  6  7  8 |
---------------+-------------------------+-----
Ranged Weapons | 4 5 6 7 9 |  9.9
Fighting       | 5 |  5.0
Dodging        | |  1.9
Stealth        | |  0.7

Action                     |  1- 3 |  4- 6 |  7- 9 || total
---------------------------+-------+-------+-------++-------
   Fire: Sling             |   142 |   412 |   430 ||   984
    Use: Scroll            |       |     6 |     2 ||     8
         Potion            |       |       |     1 ||     1
 Armour: Leather armour    |    15 |    42 |    41 ||    98
  Dodge: Dodged            |    21 |    35 |    28 ||    84

Table legend: (Time is in decaauts)
 A = Elapsed time spent in this place.
 B = Non-inter-level travel time spent in this place.
 C = Inter-level travel time spent in this place.
 D = Time resting spent in this place.
 E = Time spent auto-exploring this place.
 F = Levels seen in this place.
 G = Mean time per level.
                   A        B        C        D        E       F      G
               +--------+--------+--------+--------+--------+-----+--------+
         Total |   5949 |   5796 |    153 |     23 |   4910 |   8 |  743.6 |
       Dungeon |   5178 |   5055 |    123 |      0 |   4351 |   6 |  863.0 |
        Temple |     32 |      2 |     30 |      0 |      0 |   1 |   32.0 |
         Sewer |    738 |    738 |      0 |     23 |    559 |   1 |  738.0 |
               +--------+--------+--------+--------+--------+-----+--------+

Top non-repeatable levels by time:
     D:5: 1143 daAuts
     D:6: 904 daAuts
     D:4: 839 daAuts
     D:3: 838 daAuts
     D:2: 755 daAuts
   Sewer: 738 daAuts
     D:1: 696 daAuts
  Temple: 32 daAuts
